 Dungeon Crawl Stone Soup version 0.19.1-1-g22dce08 (webtiles) character file.

561 theAP the Cudgeler (level 7, -6/44 HPs)
             Began as a Gargoyle Fighter on Jan 6, 2017.
             Was a Follower of Qazlal.
             Mangled by galech's ghost (14 damage)
             ... on level 5 of the Dungeon.
             The game lasted 00:10:03 (3003 turns).

theAP the Cudgeler (Gargoyle Fighter)               Turns: 3003, Time: 00:10:04

Health: -6/44      AC: 16    Str: 22    XL:     7   Next: 31%
Magic:  7/7        EV:  5    Int:  8    God:    Qazlal [*.....]
Gold:   253        SH: 13    Dex:  9    Spells: 0 memorised, 6 levels left

rFire  + . .     SeeInvis .     a - +1 flail
rCold  x . .     Gourm    .     o - +0 chain mail
rNeg   + . .     Faith    .     c - +1 shield
rPois  ∞         Spirit   .     (no helmet)
rElec  +         Reflect  .     (no cloak)
rCorr  .         Harm     .     p - +0 pair of gloves
MR     +....                    k - +0 pair of boots
Stlth  ..........               (no amulet)
                                w - ring of protection from magic
                                y - ring of fire

@: no status effects
A: negative energy resistance 1, electricity resistance, unbreathing,
petrification resistance, rot immunity, AC +4
a: Renounce Religion


You were on level 5 of the Dungeon.
You worshipped Qazlal.
Qazlal was aware of your devotion.
You were near starving.

You visited 1 branch of the dungeon, and saw 5 of its levels.

You collected 253 gold pieces.

Inventory:

Hand Weapons
 a - a +1 flail (weapon)
Armour
 b - a +0 scale mail
 c - a +1 shield (worn)
 k - a +0 pair of boots (worn)
 o - a +0 chain mail (worn)
 p - a +0 pair of gloves (worn)
Jewellery
 l - an uncursed ring of magical power
 t - an uncursed ring of teleportation
 w - a ring of protection from magic (right hand)
 y - a ring of fire (left hand)
Scrolls
 g - 6 scrolls of teleportation
 q - a scroll of remove curse
 s - a scroll of enchant weapon
 v - a scroll of magic mapping {unknown}
 x - a scroll of identify
Potions
 d - a potion of might
 e - a potion of lignification
 j - a potion of magic
 m - a potion of flight {unknown}
 n - 4 potions of brilliance
 r - a potion of berserk rage {unknown}
Comestibles
 f - 5 bread rations
 i - 4 fruits
 u - 2 meat rations


   Skills:
 + Level 5.3 Fighting
 * Level 5.5 Maces & Flails
 - Level 3.2 Armour
 + Level 5.3 Shields


You had 6 spell levels left.
You didn't know any spells.

Dungeon Overview and Level Annotations

Branches:
Dungeon (5/15)             Temple (0/1) D:4

Altars:
Hepliaklqana
Qazlal
Ru

Annotations:
D:5 galech's ghost, novice OgBe


Innate Abilities, Weirdness & Mutations

You are resistant to torment.
Your stone body is resilient. (AC +4)
You are immune to poison.
You resist negative energy. (rN+)
You are resistant to electric shocks. (rElec)
You can survive without breathing.
You are immune to petrification.
You are immune to rotting.


Message History

You closely miss galech's ghost.
Galech's ghost is severely damaged.
Galech's ghost barely misses you.
You closely miss galech's ghost.
Galech's ghost is severely damaged.
Galech's ghost hits you!
* * * LOW HITPOINT WARNING * * *
You hit galech's ghost.
Galech's ghost is severely damaged.
Galech's ghost hits you but does no damage.
You hit galech's ghost but do no damage.
Galech's ghost is severely damaged.
You block galech's ghost's attack.
You hit galech's ghost.
Galech's ghost is severely damaged.
You block galech's ghost's attack. x2
You closely miss galech's ghost.
Galech's ghost is severely damaged.
Galech's ghost hits you!
You die...

#..# ##.# #.# ##.##
#########...######.
#......###.........
#.#........##.#.#..#.
...........##.#.# ..
#...W@......# #
#...§..#.####
###...##.# ######.#
#.# #.. ##. .


You could see galech's ghost.

Vanquished Creatures
  An ogre (D:4)
  2 scorpions (D:4)
  2 orc wizards (D:3)
  An orc priest (D:3)
  A hound (D:3)
  Jessica (D:3)
  A worker ant (D:4)
  9 adders
  A gnoll (D:1)
  A shadow imp (D:4)
  An ooze (D:1)
  A worm (D:3)
  2 dart slugs
  5 leopard geckos
  8 orcs
  5 giant cockroaches
  7 goblins
  15 hobgoblins
  9 jackals
  A quokka (D:4)
  6 bats
  5 frilled lizards
  6 kobolds
  A quokka skeleton (D:4)
  5 rats
97 creatures vanquished.

Notes
Turn   | Place    | Note
-------+----------+-------------------------------------------
     0 | D:1      | theAP the Gargoyle Fighter began the quest for the Orb.
     0 | D:1      | Reached XP level 1. HP: 14/14 MP: 1/1
    62 | D:1      | Reached XP level 2. HP: 19/19 MP: 2/2
   466 | D:1      | Reached XP level 3. HP: 22/23 MP: 3/3
   865 | D:2      | Found a stormy altar of Qazlal.
   865 | D:2      | Found a hazy altar of Hepliaklqana.
   883 | D:2      | Became a worshipper of Qazlal Stormbringer
   937 | D:2      | Reached XP level 4. HP: 28/29 MP: 4/4
  1442 | D:3      | Reached XP level 5. HP: 21/33 MP: 5/5
  1606 | D:3      | Noticed Jessica
  1621 | D:3      | Killed Jessica
  1739 | D:3      | Reached * piety under Qazlal
  1773 | D:3      | Reached XP level 6. HP: 15/39 MP: 6/6
  2318 | D:4      | Reached skill level 5 in Shields
  2369 | D:4      | Reached skill level 5 in Maces & Flails
  2372 | D:4      | Found a staircase to the Ecumenical Temple.
  2415 | D:4      | Reached skill level 5 in Fighting
  2415 | D:4      | Reached XP level 7. HP: 34/44 MP: 7/7
  2629 | D:4      | Reached ** piety under Qazlal
  2810 | D:4      | Found a sacrificial altar of Ru.
  2915 | D:5      | Entered Level 5 of the Dungeon
  2979 | D:5      | Noticed galech's ghost (novice OgBe)
  3003 | D:5      | Mangled by galech's ghost

Skill      XL: |  1  2  3  4  5  6 |
---------------+-------------------+-----
Maces & Flails | 3 4 5 |  5.5
Shields        | 4 5 |  5.3
Fighting       | 4 5 |  5.3
Armour         | |  3.2

Action                   |  1- 3 |  4- 6 |  7- 9 || total
-------------------------+-------+-------+-------++-------
Melee: Flail             |    91 |   232 |    69 ||   392
  Use: Scroll            |     3 |     6 |     1 ||    10
       Potion            |       |     1 |     1 ||     2
  Eat: Chunk             |       |     6 |       ||     6
Armor: Scale mail        |    50 |    69 |       ||   119
       Chain mail        |       |    55 |    31 ||    86
       Skin              |       |     8 |       ||     8
Dodge: Dodged            |    26 |    71 |     9 ||   106
Block: Shield            |    52 |   123 |    48 ||   223
